[Event "84th ESP-ch 2019"]
[Site "Marbella"]
[Date "2019.11.24"]
[Round "9.26"]
[White "De La Cruz Revilla, Miguel"]
[Black "Silva Lucena, Cristian"]
[Result "1-0"]
[ECO "C45"]
[WhiteElo "2138"]
[BlackElo "2244"]
[Annotator "NA"]
[PlyCount "93"]
[EventDate "2019.11.16"]
[EventType "swiss"]
[EventCountry "ESP"]
[SourceTitle "playchess.com"]
[Source "ChessBase"]
[SourceQuality "1"]
[TimeControl "5400+30"]

1. e4 e5 2. Nf3 Nc6 3. d4 exd4 4. Nxd4 Nf6 5. Nxc6 bxc6 6. e5 Qe7 7. Qe2 Nd5 8. c4 Nb6 9. Nd2 Qe6 10. Qe4 g6 11. Bd3 Bg7 12. Nf3 Ba6 13. c5 Bxd3 14. Qxd3 Qc4 15. Qxc4 Nxc4 16. O-O O-O 17. Rd1 Nxe5 18. Nxe5 Bxe5 19. Rxd7 Rfd8 20. Rxd8+ Rxd8 21. Be3 Bxb2 22. Rb1 Rd5 23. Kf1 Bd4 24. Bxd4 Rxd4 25. Rb7 Ra4 26. Rxc7 Ra6 27. a4 Kf8 28. Ke2 Ke8 29. Ke3 h5 30. g3 Kf8 31. h4 Kg7 32. a5 Kf6 33. Kd4 Ke6 34. Kc4 Rxa5 35. Rxc6+ Ke5 36. Rc7 f6 37. Re7+ Kf5 38. Re2 Ra1 39. c6 Rc1+ 40. Kd5 g5 41. Kd6 Kg4 42. Rd2 gxh4 43. Rd4+ Kg5 44. gxh4+ Kf5 45. c7 a5 46. Rd5+ Kg4 47. Rc5 1-0

[Event "84th ESP-ch 2019"]
[Site "Marbella"]
[Date "2019.11.24"]
[Round "9.27"]
[White "Kolotilina, Liudmila"]
[Black "Pindado Campos, Raul"]
[Result "1-0"]
[ECO "B54"]
[WhiteElo "2242"]
[BlackElo "2100"]
[Annotator "NA"]
[PlyCount "153"]
[EventDate "2019.11.16"]
[EventType "swiss"]
[EventCountry "ESP"]
[SourceTitle "playchess.com"]
[Source "ChessBase"]
[SourceQuality "1"]
[TimeControl "5400+30"]

1. e4 c5 2. Nf3 d6 3. d4 cxd4 4. Nxd4 Nf6 5. f3 a6 6. c4 e5 7. Nb3 Be6 8. Nc3 Be7 9. Be3 O-O 10. Nd5 Nxd5 11. cxd5 Bd7 12. Qd2 f5 13. O-O-O a5 14. Kb1 a4 15. Nc1 Na6 16. exf5 a3 17. g4 axb2 18. Nb3 b6 19. Bxa6 Rxa6 20. Qxb2 Qa8 21. Rd2 Rc8 22. Rc1 Ra4 23. Rxc8+ Qxc8 24. Bxb6 Bg5 25. Rd1 Rb4 26. Ba5 Rb5 27. Bd2 Bf6 28. Qc2 Qb7 29. Be3 h6 30. Qc4 Rb4 31. Qc3 Ba4 32. Kb2 Bxb3 33. axb3 e4 34. Rd4 Bxd4 35. Bxd4 exf3 36. Qe3 Qb5 37. Qe6+ Kf8 38. Qxd6+ Ke8 39. Qe6+ Kd8 40. Qd6+ Ke8 41. Qe6+ Kd8 42. Qg8+ Qe8 43. Qxg7 Qe2+ 44. Ka3 Rxd4 45. Qxd4 f2 46. Qb6+ Ke8 47. Qc6+ Kf8 48. Qxh6+ Ke8 49. Qc6+ Kf8 50. Qc8+ Kf7 51. Qc7+ Qe7+ 52. d6 Qxc7 53. dxc7 f1=Q 54. c8=Q Qa1+ 55. Kb4 Qe1+ 56. Qc3 Qe7+ 57. Qc5 Qb7+ 58. Kc4 Qe4+ 59. Qd4 Qc6+ 60. Kd3 Qf3+ 61. Qe3 Qd5+ 62. Kc3 Qc6+ 63. Kb2 Qg2+ 64. Kb1 Qh1+ 65. Qc1 Qe4+ 66. Qc2 Qe1+ 67. Kb2 Qe5+ 68. Qc3 Qe2+ 69. Ka3 Qa6+ 70. Kb4 Qb7+ 71. Kc4 Qe4+ 72. Qd4 Qc6+ 73. Qc5 Qe4+ 74. Kb5 Qb7+ 75. Qb6 Qd5+ 76. Ka6 Qd3+ 77. Ka7 1-0

[Event "84th ESP-ch 2019"]
[Site "Marbella"]
[Date "2019.11.24"]
[Round "9.28"]
[White "Garcia Romero, Benjamin Abel"]
[Black "Arroyo Rodriguez, Jesus"]
[Result "1-0"]
[ECO "C11"]
[WhiteElo "2234"]
[BlackElo "2112"]
[Annotator "NA"]
[PlyCount "37"]
[EventDate "2019.11.16"]
[EventType "swiss"]
[EventCountry "ESP"]
[SourceTitle "playchess.com"]
[Source "ChessBase"]
[SourceQuality "1"]
[TimeControl "5400+30"]

1. e4 e6 2. d4 d5 3. Nc3 Nf6 4. Bg5 dxe4 5. Nxe4 Be7 6. Bxf6 gxf6 7. Nf3 b6 8. Bc4 Bb7 9. Qe2 O-O 10. O-O-O c6 11. h4 Nd7 12. Kb1 Kh8 13. Nfg5 h6 14. Qh5 Kg7 15. Nxf7 Rxf7 16. Bxe6 Rf8 17. Qg4+ Kh8 18. Qg6 c5 19. Qxh6# 1-0

[Event "84th ESP-ch 2019"]
[Site "Marbella"]
[Date "2019.11.24"]
[Round "9.29"]
[White "Carbonell Bofill, Carlos Eloy"]
[Black "Medarde Santiago, Luis Marcos"]
[Result "0-1"]
[ECO "A45"]
[WhiteElo "2098"]
[BlackElo "2285"]
[Annotator "NA"]
[PlyCount "76"]
[EventDate "2019.11.16"]
[EventType "swiss"]
[EventCountry "ESP"]
[SourceTitle "playchess.com"]
[Source "ChessBase"]
[SourceQuality "1"]
[TimeControl "5400+30"]

1. d4 Nf6 2. g3 c5 3. d5 e6 4. c4 exd5 5. cxd5 d6 6. Nc3 g6 7. Qa4+ Nbd7 8. g4 a6 9. g5 Nh5 10. f4 h6 11. f5 hxg5 12. fxg6 f5 13. Nf3 Be7 14. h4 gxh4 15. Nxh4 b5 16. Nxb5 axb5 17. Qxa8 Bxh4+ 18. Kd1 Bf6 19. Bg5 Bxg5 20. g7 Rg8 21. Rxh5 Kf7 22. Bh3 Kg6 23. Rh8 Rxh8 24. gxh8=R Qxh8 25. Kc2 Nb6 26. Qa5 Nc4 27. Qxb5 Na3+ 28. bxa3 Qxa1 29. Qe8+ Kg7 30. Qxc8 Qxa2+ 31. Kc3 Qxa3+ 32. Kc2 Qc1+ 33. Kb3 Qb1+ 34. Kc3 Qb4+ 35. Kc2 Qc4+ 36. Kb2 Bf6+ 37. Kb1 Qb3+ 38. Kc1 Bg5+ 0-1

[Event "84th ESP-ch 2019"]
[Site "Marbella"]
[Date "2019.11.24"]
[Round "9.30"]
[White "Gutierrez Curras, Daniel"]
[Black "Hernandez Roldan, Miguel"]
[Result "0-1"]
[ECO "B23"]
[WhiteElo "2025"]
[BlackElo "2229"]
[Annotator "NA"]
[PlyCount "164"]
[EventDate "2019.11.16"]
[EventType "swiss"]
[EventCountry "ESP"]
[SourceTitle "playchess.com"]
[Source "ChessBase"]
[SourceQuality "1"]
[TimeControl "5400+30"]

1. e4 c5 2. Nc3 Nc6 3. f4 g6 4. Nf3 Bg7 5. Bb5 Nd4 6. O-O e6 7. Bc4 d6 8. d3 Ne7 9. a4 O-O 10. Ba2 Kh8 11. Bd2 Bd7 12. f5 exf5 13. Bf4 Be6 14. Nxd4 Bxd4+ 15. Kh1 Be5 16. Bh6 Re8 17. Bxe6 fxe6 18. Rf3 Ng8 19. Bd2 Rf8 20. exf5 gxf5 21. Rh3 Qd7 22. Qf3 Rab8 23. Re1 Qg7 24. Nb5 Qg4 25. b3 a6 26. Nc3 Qxf3 27. gxf3 Rbe8 28. Nd1 Bg7 29. a5 Nf6 30. Rg1 Rg8 31. b4 Nd5 32. bxc5 Bd4 33. Rf1 Bxc5 34. c4 Bb4 35. Bc1 Nf6 36. Bb2 Rg6 37. Rg3 Kg7 38. Bc3 Bxc3 39. Nxc3 Nh5 40. Rxg6+ hxg6 41. Rb1 Re7 42. Rb6 Rd7 43. Ne2 Kf6 44. Kg2 Ke7 45. Kf2 Kd8 46. Ke3 Kc7 47. Nd4 Re7 48. Ne2 e5 49. Nc3 Nf4 50. Rb2 Rh7 51. d4 exd4+ 52. Kxd4 g5 53. Nd5+ Nxd5 54. Kxd5 Re7 55. Rg2 Re5+ 56. Kd4 f4 57. Rg4 Rxa5 58. h4 gxh4 59. Rxh4 Rf5 60. Ke4 Rc5 61. Kd4 b5 62. cxb5 axb5 63. Rh7+ Kc6 64. Ke4 Rc4+ 65. Kd3 Ra4 66. Rf7 Kc5 67. Kc2 Rd4 68. Rf5+ Kc4 69. Rf8 b4 70. Rc8+ Kd5 71. Rb8 Rc4+ 72. Kd3 Rc3+ 73. Kd2 Rb3 74. Kc2 Rxf3 75. Rxb4 Ke5 76. Kd2 Re3 77. Ra4 d5 78. Rb4 d4 79. Ra4 f3 80. Ra8 Rb3 81. Re8+ Kf4 82. Ke1 Rc3 0-1

[Event "84th ESP-ch 2019"]
[Site "Marbella"]
[Date "2019.11.24"]
[Round "9.31"]
[White "Medina Romero, Jose"]
[Black "Rodriguez Redondo, Adhara"]
[Result "0-1"]
[ECO "D31"]
[WhiteElo "2083"]
[BlackElo "2199"]
[Annotator "NA"]
[PlyCount "86"]
[EventDate "2019.11.16"]
[EventType "swiss"]
[EventCountry "ESP"]
[SourceTitle "playchess.com"]
[Source "ChessBase"]
[SourceQuality "1"]
[TimeControl "5400+30"]

1. d4 d5 2. c4 e6 3. Nc3 Be7 4. cxd5 exd5 5. Bf4 c6 6. e3 Bf5 7. Qb3 Qb6 8. Qxb6 axb6 9. Kd2 Nd7 10. Bd3 Bxd3 11. Kxd3 b5 12. Nf3 b4 13. Nb1 Ngf6 14. Nbd2 O-O 15. Ne5 Ra6 16. Bg5 Bd6 17. Nxd7 Nxd7 18. Nb3 Rfa8 19. Nc1 b6 20. b3 c5 21. Rb1 Ra3 22. f3 c4+ 23. Kd2 b5 24. h3 f6 25. Bh4 Kf7 26. Re1 g5 27. Bf2 Rxa2+ 28. Nxa2 Rxa2+ 29. Kd1 Rxf2 30. Re2 Rxe2 31. Kxe2 Ke6 32. g4 Nb8 33. Ra1 Nc6 34. Ra6 Kd7 35. Rb6 Na5 36. Rxb5 Nxb3 37. Rxd5 Kc6 38. Rf5 Be7 39. h4 h6 40. hxg5 hxg5 41. Kd1 c3 42. f4 gxf4 43. Kc2 fxe3 0-1

[Event "84th ESP-ch 2019"]
[Site "Marbella"]
[Date "2019.11.24"]
[Round "9.32"]
[White "Represa Perez, Mireya"]
[Black "Jimenez Fernandez, Rebeca"]
[Result "1-0"]
[ECO "B31"]
[WhiteElo "2189"]
[BlackElo "2043"]
[Annotator "NA"]
[PlyCount "63"]
[EventDate "2019.11.16"]
[EventType "swiss"]
[EventCountry "ESP"]
[SourceTitle "playchess.com"]
[Source "ChessBase"]
[SourceQuality "1"]
[TimeControl "5400+30"]

1. e4 c5 2. Nf3 Nc6 3. Bb5 g6 4. Bxc6 bxc6 5. O-O Bg7 6. Re1 Nh6 7. c3 O-O 8. h3 f6 9. d4 cxd4 10. cxd4 Nf7 11. Be3 e5 12. Nc3 d6 13. Qc2 f5 14. dxe5 Nxe5 15. Nxe5 Bxe5 16. f4 Bg7 17. Rad1 Qh4 18. Re2 Rd8 19. Red2 fxe4 20. Nxe4 Bf5 21. Qxc6 Qe7 22. Qd5+ Kf8 23. Ng5 Qxe3+ 24. Kh1 Qe7 25. Nxh7+ Ke8 26. Qg8+ Bf8 27. Nxf8 Qxf8 28. Re2+ Kd7 29. Qh7+ Kc6 30. Rc1+ Kb5 31. Qb7+ Ka5 32. b4+ 1-0

[Event "84th ESP-ch 2019"]
[Site "Marbella"]
[Date "2019.11.24"]
[Round "9.33"]
[White "Garcia Vicente, Nieves"]
[Black "Lopez Guerrero, Jose Miguel"]
[Result "1-0"]
[ECO "E48"]
[WhiteElo "2175"]
[BlackElo "2085"]
[Annotator "NA"]
[PlyCount "121"]
[EventDate "2019.11.16"]
[EventType "swiss"]
[EventCountry "ESP"]
[SourceTitle "playchess.com"]
[Source "ChessBase"]
[SourceQuality "1"]
[TimeControl "5400+30"]

1. d4 Nf6 2. c4 e6 3. Nc3 Bb4 4. e3 O-O 5. Bd3 d5 6. Nf3 a6 7. a3 Bxc3+ 8. bxc3 dxc4 9. Bxc4 b5 10. Be2 Nbd7 11. a4 bxa4 12. Qxa4 a5 13. O-O Bb7 14. Rd1 c5 15. Ba3 Qc7 16. Rac1 Rfc8 17. h3 h6 18. c4 Bc6 19. Qc2 Be4 20. Qa2 Rab8 21. Rd2 Rb7 22. Rb2 Rcb8 23. dxc5 Nxc5 24. Rb5 Ncd7 25. Rd1 Rxb5 26. cxb5 Nd5 27. Qd2 Nc3 28. Bd6 Qc8 29. Bxb8 Nxd1 30. Qxd1 Nxb8 31. Qd4 Bd5 32. Qb2 Nd7 33. Nd2 Qb7 34. Bf1 Nc5 35. Nb1 a4 36. Qb4 Qb6 37. Nc3 Bb3 38. Be2 Na6 39. Nxa4 Bxa4 40. Qxa4 Nc7 41. Bc4 g6 42. Qb3 Kg7 43. Qb2+ Kg8 44. Qd4 Qxd4 45. exd4 Na8 46. d5 e5 47. d6 Nb6 48. Bb3 Kf8 49. Kf1 Ke8 50. Ke2 Nc8 51. Bxf7+ Kd7 52. Bxg6 Nxd6 53. Bd3 Ke6 54. Ke3 Kd5 55. f3 Nc8 56. Be4+ Kc5 57. Bc6 Nd6 58. Kd3 h5 59. g4 hxg4 60. fxg4 e4+ 61. Ke3 {[%emt 0:00:39] Kd5 Kxe4+} 1-0

[Event "84th ESP-ch 2019"]
[Site "Marbella"]
[Date "2019.11.24"]
[Round "9.34"]
[White "Ramirez Diaz, Jose Ramon"]
[Black "Sosa Suarez, Carla Cristina"]
[Result "0-1"]
[ECO "C00"]
[WhiteElo "2171"]
[BlackElo "2022"]
[Annotator "NA"]
[PlyCount "80"]
[EventDate "2019.11.16"]
[EventType "swiss"]
[EventCountry "ESP"]
[SourceTitle "playchess.com"]
[Source "ChessBase"]
[SourceQuality "1"]
[TimeControl "5400+30"]

1. e4 e6 2. d3 d5 3. Nd2 c5 4. Ngf3 Nc6 5. g3 Nf6 6. Bg2 Be7 7. O-O b6 8. Re1 Bb7 9. c3 h6 10. e5 Nd7 11. d4 Qc7 12. a3 g5 13. h3 O-O-O 14. b4 c4 15. a4 Rdg8 16. Ba3 Qd8 17. Nh2 h5 18. Qe2 Kb8 19. Nxc4 dxc4 20. Qxc4 Qc7 21. b5 Bxa3 22. bxc6 Be7 23. d5 Nxe5 24. Rxe5 Qxe5 25. cxb7 Bc5 26. Nf1 Rd8 27. dxe6 fxe6 28. Ra2 Rhf8 29. Re2 Qf6 30. Qa2 h4 31. g4 Rd3 32. c4 Qf4 33. Qc2 Ra3 34. Rxe6 Qxf2+ 35. Qxf2 Bxf2+ 36. Kh1 Rxa4 37. Bd5 Ra1 38. Kg2 Bc5 39. Ne3 Re1 40. Nf5 Rxe6 0-1

[Event "84th ESP-ch 2019"]
[Site "Marbella"]
[Date "2019.11.24"]
[Round "9.35"]
[White "Donado-Mazarron Gomez, Miguel"]
[Black "Boutahar Belgasi, Tarik"]
[Result "1-0"]
[ECO "D35"]
[WhiteElo "2171"]
[BlackElo "2027"]
[Annotator "NA"]
[PlyCount "69"]
[EventDate "2019.11.16"]
[EventType "swiss"]
[EventCountry "ESP"]
[SourceTitle "playchess.com"]
[Source "ChessBase"]
[SourceQuality "1"]
[TimeControl "5400+30"]

1. d4 Nf6 2. c4 e6 3. Nc3 d5 4. cxd5 exd5 5. Bg5 Be7 6. e3 O-O 7. Bd3 c6 8. Qc2 Nbd7 9. Nge2 Re8 10. O-O Nf8 11. f3 c5 12. Rac1 h6 13. Bh4 Ne6 14. Qd2 cxd4 15. exd4 Qa5 16. Rfe1 Bd7 17. Bb1 Bc6 18. Ng3 Ne4 19. Rxe4 dxe4 20. Bxe7 Rxe7 21. d5 Bxd5 22. Qxd5 Qb6+ 23. Kh1 Nf4 24. Qf5 Qe3 25. Rg1 g6 26. Nd5 Nxd5 27. Qxd5 exf3 28. Bxg6 f2 29. Rf1 Qe6 30. Nf5 Rae8 31. Nxe7+ Qxe7 32. Bd3 Qf6 33. g3 Rd8 34. Qf5 Qc6+ 35. Be4 1-0

[Event "84th ESP-ch 2019"]
[Site "Marbella"]
[Date "2019.11.24"]
[Round "9.36"]
[White "Jaime Montalvan, Luis Felipe"]
[Black "Antonano Fedz-Quincoces, Avelino"]
[Result "1-0"]
[ECO "A62"]
[WhiteElo "2167"]
[BlackElo "2021"]
[Annotator "NA"]
[PlyCount "117"]
[EventDate "2019.11.16"]
[EventType "swiss"]
[EventCountry "ESP"]
[SourceTitle "playchess.com"]
[Source "ChessBase"]
[SourceQuality "1"]
[TimeControl "5400+30"]

1. d4 Nf6 2. c4 e6 3. g3 c5 4. d5 exd5 5. cxd5 d6 6. Bg2 g6 7. Nc3 Bg7 8. Nf3 O-O 9. O-O Re8 10. Nd2 Na6 11. Nc4 Nc7 12. Bf4 Bf8 13. a4 Nh5 14. Bd2 b6 15. e4 Ba6 16. Qb3 Rb8 17. Rfe1 Bxc4 18. Qxc4 a6 19. Qb3 Nf6 20. Qc2 Bg7 21. h3 Nd7 22. Nd1 b5 23. Bc3 Ne5 24. f4 b4 25. Bxe5 dxe5 26. f5 gxf5 27. Ne3 f4 28. Nf5 Qg5 29. Qxc5 Rbc8 30. h4 Qf6 31. Rac1 Bf8 32. Qa5 Na8 33. Bf1 Qb6+ 34. Qxb6 Nxb6 35. Bxa6 Rxc1 36. Rxc1 Nxa4 37. Bb5 Ra8 38. Ra1 Bc5+ 39. Kg2 Nb6 40. Rxa8+ Nxa8 41. d6 Kf8 42. gxf4 f6 43. fxe5 fxe5 44. b3 Kf7 45. Kg3 Nb6 46. Kg4 Ke6 47. Kg5 Bxd6 48. Nxd6 Kxd6 49. Kh6 Kc5 50. Be8 Kd4 51. Kxh7 Kxe4 52. Kg7 Nc4 53. h5 Nd6 54. Bg6+ Kd4 55. h6 Kc3 56. h7 Kxb3 57. h8=Q Nb5 58. Kf6 Ka3 59. Qa8+ 1-0

[Event "84th ESP-ch 2019"]
[Site "Marbella"]
[Date "2019.11.24"]
[Round "9.37"]
[White "Hernando Rodrigo, Inmaculada"]
[Black "Vega Gutierrez, Belinda"]
[Result "0-1"]
[ECO "C22"]
[WhiteElo "1863"]
[BlackElo "2161"]
[Annotator "NA"]
[PlyCount "120"]
[EventDate "2019.11.16"]
[EventType "swiss"]
[EventCountry "ESP"]
[SourceTitle "playchess.com"]
[Source "ChessBase"]
[SourceQuality "1"]
[TimeControl "5400+30"]

1. e4 e5 2. d4 exd4 3. Qxd4 Nc6 4. Qe3 Nf6 5. Nc3 Bb4 6. Bd2 O-O 7. O-O-O Re8 8. Bc4 d6 9. f3 Ne5 10. Bb3 Be6 11. Bxe6 Rxe6 12. Qf2 a5 13. Nge2 Bc5 14. Nd4 Re8 15. Bg5 h6 16. Bxf6 Qxf6 17. Nd5 Qd8 18. Qg3 c6 19. Nf5 g6 20. Nxh6+ Kh7 21. Nxf7 Nxf7 22. Nf4 Qg5 23. Qxg5 Nxg5 24. Nd3 Be3+ 25. Kb1 Re7 26. h4 Nf7 27. h5 g5 28. Rde1 Bb6 29. Nc1 Rae8 30. Ne2 d5 31. Ng3 Bf2 32. Nf5 Bxe1 33. Nxe7 Rxe7 34. Rxe1 dxe4 35. fxe4 Kh6 36. Kc1 Kxh5 37. Kd2 Kg4 38. Kd3 Kg3 39. Re2 Ne5+ 40. Kd4 b6 41. a3 Ng4 42. e5 Re6 43. b4 axb4 44. axb4 b5 45. Re4 Nf2 46. Re2 Kxg2 47. c4 bxc4 48. Kxc4 Kf3 49. Re1 g4 50. b5 cxb5+ 51. Kd5 Re8 52. e6 g3 53. Kd6 Ne4+ 54. Kd7 Nf6+ 55. Kd6 g2 56. Rb1 Rg8 57. Rxb5 Ne8+ 58. Kd7 g1=Q 59. Rf5+ Ke4 60. Rf7 Qb6 0-1

[Event "84th ESP-ch 2019"]
[Site "Marbella"]
[Date "2019.11.24"]
[Round "9.38"]
[White "Collado Barbas, Laura"]
[Black "Diaz Mino, Daniel"]
[Result "1/2-1/2"]
[ECO "A58"]
[WhiteElo "2142"]
[BlackElo "1953"]
[Annotator "NA"]
[PlyCount "88"]
[EventDate "2019.11.16"]
[EventType "swiss"]
[EventCountry "ESP"]
[SourceTitle "playchess.com"]
[Source "ChessBase"]
[SourceQuality "1"]
[TimeControl "5400+30"]

1. d4 Nf6 2. c4 c5 3. d5 b5 4. cxb5 a6 5. bxa6 g6 6. Nc3 Bg7 7. Nf3 O-O 8. g3 Nxa6 9. Bg2 d6 10. O-O Nb4 11. Nh4 h6 12. a3 g5 13. Nf3 Bf5 14. Ne1 Qd7 15. e4 Bg6 16. Be3 Na6 17. f3 Rfb8 18. Rf2 Rb7 19. Bf1 Nc7 20. Bd3 Rab8 21. Qc1 Qh3 22. Rc2 Qd7 23. Rd2 Rb3 24. Rb1 R3b7 25. Re2 Rd8 26. b4 cxb4 27. axb4 Rc8 28. Rc2 e6 29. dxe6 Nxe6 30. Ba6 g4 31. Bxb7 Qxb7 32. Rb3 gxf3 33. Qd1 Ng4 34. Nd5 Rxc2 35. Nxc2 Bxe4 36. Nf4 Nxf4 37. gxf4 Qe7 38. Ne1 Qe6 39. Ra3 Nxe3 40. Rxe3 Qg4+ 41. Kf1 Qh3+ 42. Kg1 Qg4+ 43. Kf1 Qh3+ 44. Kg1 Qg4+ 1/2-1/2

[Event "84th ESP-ch 2019"]
[Site "Marbella"]
[Date "2019.11.24"]
[Round "9.39"]
[White "Hernandez Perez, Jesus"]
[Black "Diaz Mino, Pablo"]
[Result "0-1"]
[ECO "C49"]
[WhiteElo "1956"]
[BlackElo "2135"]
[Annotator "NA"]
[PlyCount "94"]
[EventDate "2019.11.16"]
[EventType "swiss"]
[EventCountry "ESP"]
[SourceTitle "playchess.com"]
[Source "ChessBase"]
[SourceQuality "1"]
[TimeControl "5400+30"]

1. e4 e5 2. Nc3 Nc6 3. Nf3 Nf6 4. Bb5 Bb4 5. O-O O-O 6. d3 Bxc3 7. bxc3 Qe7 8. Bg5 h6 9. Bh4 Nd8 10. Bc4 d6 11. Re1 Be6 12. Bxe6 Nxe6 13. Bxf6 Qxf6 14. g3 Rad8 15. Qe2 Rfe8 16. Nh4 g6 17. Qe3 g5 18. Nf5 b6 19. a4 a5 20. Kg2 Ng7 21. Nxg7 Kxg7 22. d4 d5 23. exd5 Rxd5 24. Qf3 Red8 25. dxe5 Rxe5 26. Qxf6+ Kxf6 27. Rxe5 Kxe5 28. Kf3 f5 29. Ke2 g4 30. Ke3 f4+ 31. gxf4+ Kf5 32. f3 gxf3 33. Rf1 Re8+ 34. Kxf3 Re4 35. Kg3 Rxa4 36. Rd1 Rxf4 37. Rd5+ Ke6 38. Rh5 Rf6 39. Rh4 Kd6 40. Rc4 b5 41. Rd4+ Kc5 42. h4 a4 43. h5 a3 44. Rd1 Kc4 45. Ra1 Ra6 46. Kf4 Kxc3 47. Ra2 b4 0-1

[Event "84th ESP-ch 2019"]
[Site "Marbella"]
[Date "2019.11.24"]
[Round "9.40"]
[White "Sanchez Elena, Lucia"]
[Black "Guillo Longares, Cecilia"]
[Result "0-1"]
[ECO "B34"]
[WhiteElo "1662"]
[BlackElo "2100"]
[Annotator "NA"]
[PlyCount "54"]
[EventDate "2019.11.16"]
[EventType "swiss"]
[EventCountry "ESP"]
[SourceTitle "playchess.com"]
[Source "ChessBase"]
[SourceQuality "1"]
[TimeControl "5400+30"]

1. e4 c5 2. Nf3 Nc6 3. d4 cxd4 4. Nxd4 g6 5. Nc3 Bg7 6. Be3 Nf6 7. f3 O-O 8. Qd2 d5 9. Nxc6 bxc6 10. O-O-O Be6 11. Bc5 Qc7 12. Be2 Rfd8 13. Qe3 dxe4 14. fxe4 Ng4 15. Bxg4 Bxg4 16. Rxd8+ Rxd8 17. Qg5 Qd7 18. h3 h6 19. Qxg4 Qd2+ 20. Kb1 Bxc3 21. bxc3 Qxc3 22. Bxa7 Rd2 23. Rc1 Qb4+ 24. Ka1 Qa3 25. Qc8+ Kg7 26. Rf1 Qc3+ 27. Kb1 Qxc2+ 0-1

[Event "84th ESP-ch 2019"]
[Site "Marbella"]
[Date "2019.11.24"]
[Round "9.41"]
[White "Aguado Doncel, Pablo Luis"]
[Black "Abreu Suarez, Isauro"]
[Result "1-0"]
[ECO "D08"]
[WhiteElo "2062"]
[BlackElo "1974"]
[Annotator "NA"]
[PlyCount "113"]
[EventDate "2019.11.16"]
[EventType "swiss"]
[EventCountry "ESP"]
[SourceTitle "playchess.com"]
[Source "ChessBase"]
[SourceQuality "1"]
[TimeControl "5400+30"]

1. d4 d5 2. c4 e5 3. dxe5 d4 4. Nf3 Nc6 5. a3 Bg4 6. e3 dxe3 7. Qxd8+ Rxd8 8. Bxe3 Nxe5 9. Be2 Nxf3+ 10. Bxf3 Bxf3 11. gxf3 Nf6 12. Rg1 h6 13. Nc3 a6 14. Ke2 Nh5 15. c5 f5 16. f4 Be7 17. Rad1 c6 18. Na4 O-O 19. Nb6 Rxd1 20. Rxd1 Rd8 21. Nc4 Rxd1 22. Kxd1 Bd8 23. Nd6 Bc7 24. Nxb7 Kf7 25. Ke2 Ke6 26. Kf3 Kd5 27. b4 Nf6 28. Bc1 Ne4 29. h4 g6 30. Ke3 Nf6 31. Ke2 Nh5 32. Kf3 Nf6 33. Bb2 Nh5 34. Be5 Bxe5 35. fxe5 g5 36. hxg5 hxg5 37. Nd8 Ng7 38. Nf7 Ne6 39. Ke3 g4 40. f4 gxf3 41. Kxf3 Kd4 42. Kf2 Ke4 43. Ke2 Nd4+ 44. Kf2 f4 45. Ng5+ Kxe5 46. Nf3+ Kd5 47. Nxd4 Kxd4 48. Kf3 Kc4 49. Kxf4 Kb3 50. Ke5 Kxa3 51. Kd6 Kxb4 52. Kxc6 a5 53. Kd5 a4 54. c6 a3 55. c7 Kb3 56. c8=Q a2 57. Qc1 1-0

[Event "84th ESP-ch 2019"]
[Site "Marbella"]
[Date "2019.11.24"]
[Round "9.42"]
[White "Martin Carmona, Gaston Manuel"]
[Black "Moreno Latorre, Fco Jose"]
[Result "0-1"]
[ECO "E91"]
[WhiteElo "2304"]
[BlackElo "1875"]
[Annotator "NA"]
[PlyCount "46"]
[EventDate "2019.11.16"]
[EventType "swiss"]
[EventCountry "ESP"]
[SourceTitle "playchess.com"]
[Source "ChessBase"]
[SourceQuality "1"]
[TimeControl "5400+30"]

1. d4 Nf6 2. c4 g6 3. Nc3 Bg7 4. e4 d6 5. Nf3 O-O 6. Be2 Nbd7 7. O-O e5 8. Be3 Ng4 9. Bg5 f6 10. Bh4 Nh6 11. dxe5 dxe5 12. Qb3 Nf7 13. c5 c6 14. Qc4 Qe7 15. b4 Rd8 16. Rfd1 a5 17. b5 Bf8 18. Rd6 g5 19. Bxg5 fxg5 20. Re6 Qxc5 21. Nxg5 Qxc4 22. Bxc4 Nb6 23. Nxf7 Kxf7 0-1